 Dungeon Crawl Stone Soup version 0.25-a0-591-g2ad0d861f1 (webtiles) character file.

Game seed: 18338222949041477531, levelgen mode: deterministic

116 kae the Gusty (level 5, 0/28 HPs)
             Began as a Tengu Air Elementalist on Mar 13, 2020.
             Was an Initiate of Vehumet.
             Killed by divine providence
             ... invoked by an orc priest
              (12 damage)
             ... on level 4 of the Dungeon.
             The game lasted 00:02:38 (3245 turns).

kae the Gusty (Tengu Air Elementalist)              Turns: 3245, Time: 00:02:38

Health: 0/28       AC:  2    Str:  8    XL:     5   Next: 0%
Magic:  7/10       EV: 13    Int: 16    God:    Vehumet [......]
Gold:   116        SH:  0    Dex: 15    Spells: 2/10 levels left

rFire    . . .     SeeInvis .   b - +1 dagger (protect)
rCold    . . .     Gourm    .   (no shield)
rNeg     . . .     Faith    .   a - +0 robe
rPois    .         Spirit   .   (helmet restricted)
rElec    .         Reflect  .   (no cloak)
rCorr    .         Harm     .   (no gloves)
MR       .....                  (boots unavailable)
Stlth    ++........             (no amulet)
HPRegen  0.09/turn              (no ring)
MPRegen  0.12/turn              (no ring)

@: no status effects
A: beak, talons 3, able to fly
a: Fly, Renounce Religion


You were on level 4 of the Dungeon.
You worshipped Vehumet.
Vehumet was noncommittal.
You were not hungry.

You visited 1 branch of the dungeon, and saw 4 of its levels.

You collected 116 gold pieces.

Inventory:

Hand Weapons
 b - a +1 dagger of protection (weapon)
Armour
 a - a +0 robe (worn)
Jewellery
 f - an uncursed amulet of faith {unknown}
 h - an uncursed ring of positive energy {unknown}
 k - an uncursed ring of wizardry {unknown}
Scrolls
 d - a scroll of amnesia
Potions
 g - a potion of heal wounds
 l - a potion of flight
Comestibles
 c - 6 rations


   Skills:
 - Level 2.1 Dodging
 - Level 2.0 Stealth
 - Level 3.0 Spellcasting
 - Level 2.0 Conjurations
 * Level 6.3 Air Magic


You had 2 spell levels left.
You knew the following spells:

 Your Spells              Type           Power        Failure   Level  Hunger
a - Shock                 Conj/Air       ###.         3%          1    #......
b - Static Discharge      Conj/Air       ###.....     10%         3    ###....
c - Airstrike             Air            ###.......   14%         4    #####..

Your spell library contained the following spells:

 Spells                   Type           Power        Failure   Level  Hunger
 Swiftness                Chrm/Air       ##......     8%          2    ##.....
 Lightning Bolt           Conj/Air       ###.......   67%         5    ######.


Dungeon Overview and Level Annotations

Branches:
Dungeon (4/15)
 Temple: D:4-7

Altars:
Dithmenos
Vehumet


Innate Abilities, Weirdness & Mutations

You have a beak for a mouth.
You have claws for feet.
You can fly continuously.


Message History

Press: ? - help, Shift-Dir - straight line, f/p - orc priest
Aim: an orc priest, wielding a +0 club and wearing a +0 leather armour The zap hits the orc priest.
The orc priest is lightly wounded.
A frilled lizard comes into view.
Casting: Shock (safe; 3% risk of failure)
Confirm with . or Enter, or press ? or * to list all spells.
Aiming: Shock (safe; 3% risk of failure)
Press: ? - help, Shift-Dir - straight line, f/p - orc priest
Aim: an orc priest, wielding a +0 club and wearing a +0 leather armour (lightly wounded)
The zap hits the orc but does no damage.
The zap hits the orc priest.
The orc priest is lightly wounded.
The frilled lizard hisses angrily.
An orc comes into view. It is wielding a +0 whip.
An orc comes into view. It is wielding a +0 mace.
An orc wizard comes into view. It is wielding a +2 dagger of flaming.
The orc priest calls down the wrath of Beogh upon you.
Beogh smites you!
You die...

......#
....l.###
.oo.....
.o.... o...
#.h# #o.#
#@.########
#..........
#...#########
#............
#....########
#....# #....#
#.#..#
##+#.<#


You could see a hound, an orc priest, an orc wizard, 3 orcs and a frilled
lizard.

Vanquished Creatures
  4 adders
  3 worms (D:2)
  4 dart slugs
  2 leopard geckos (D:2)
  2 orcs
  A ball python (D:2)
  7 bats
  7 giant cockroaches
  2 goblins
  6 hobgoblins
  11 kobolds
  5 frilled lizards
  7 rats
61 creatures vanquished.

Vanquished Creatures (others)
  An adder skeleton (D:3)
  A leopard gecko (D:3)
  A goblin (D:3)
3 creatures vanquished.

Grand Total: 64 creatures vanquished

Notes
Turn   | Place    | Note
-------+----------+-------------------------------------------
     0 | D:1      | kae the Tengu Air Elementalist began the quest for the Orb.
     0 | D:1      | Reached XP level 1. HP: 10/10 MP: 4/4
   111 | D:1      | Reached XP level 2. HP: 10/15 MP: 1/6
   510 | D:1      | Reached XP level 3. HP: 19/19 MP: 4/7
   566 | D:1      | Reached skill level 5 in Air Magic
   942 | D:2      | Found a shadowy altar of Dithmenos.
  1454 | D:2      | Reached XP level 4. HP: 11/24 MP: 0/9
  1670 | D:2      | Learned a level 3 spell: Static Discharge
  1675 | D:2      | Learned a level 4 spell: Airstrike
  2205 | D:3      | Reached skill level 6 in Air Magic
  2501 | D:3      | Found a radiant altar of Vehumet.
  2536 | D:3      | Gained mutation: You can fly continuously. [Tengu growth]
  2536 | D:3      | Reached XP level 5. HP: 26/28 MP: 0/10
  2884 | D:3      | Became a worshipper of Vehumet
  3245 | D:4      | Killed from afar by an orc priest

Levels and vault maps discovered:
D:1:      minmay_arrival_checkered_box, layout_basic
D:2:      layout_basic, nicolae_dithmenos_shadow_blocks
D:3:      layout_basic, fiery_altar_vehumet, hangedman_decor_push,
          skrybe_limestone_x, grunt_ministairs_13, serial_park_tiny_1
D:4:      layout_basic, nicolae_overflow_hidden_temple,
          eat_drink_and_be_merry_uskayaw, fedhas_altar_1, first_ration

Skill      XL: |  1  2  3  4 |
---------------+-------------+-----
Conjurations   | 2 |  2.0
Air Magic      | 5 6 |  6.3
Spellcasting   | 3 |  3.0
Dodging        | |  2.1
Stealth        | |  2.0

Action                   |  1- 3 |  4- 6 || total
-------------------------+-------+-------++-------
Melee: Unarmed           |    23 |       ||    23
       Kick              |    11 |     3 ||    14
       Peck              |     9 |     2 ||    11
       Dagger            |    11 |     7 ||    18
 Cast: Shock             |    75 |    56 ||   131
  Use: Scroll            |       |     7 ||     7
 Stab: Sleeping          |     1 |       ||     1
  Eat: Chunk             |     2 |     4 ||     6
       Ration            |       |     1 ||     1
Armor: Robe              |     3 |     1 ||     4
Dodge: Dodged            |    19 |     8 ||    27

Table legend:
 A = Non-vault XP
 B = Vault XP
 C = Vault XP percentage of total XP
 D = Non-vault monster count
 E = Vault monster count
 F = Vault count percentage of total count
                 A         B        C        D         E       F
            +---------+---------+-------+---------+---------+-------
      Total |     164 |       2 |   1.2 |      60 |       1 |   1.6
            +---------+---------+-------+---------+---------+-------
        D:1 |      43 |       0 |   0.0 |      23 |       0 |   0.0
        D:2 |      66 |       0 |   0.0 |      25 |       0 |   0.0
        D:3 |      55 |       2 |   3.5 |      12 |       1 |   7.7
            +---------+---------+-------+---------+---------+-------
